 Dungeon Crawl Stone Soup version 0.24-a0-249-g2af7e83 (webtiles) character file.

Game seed: 14444647836048588328

63 Lanoc the Chopper (level 3, -4/31 HPs)
             Began as a Minotaur Gladiator on Apr 13, 2019.
             Slain by a gnoll
             ... wielding a +0 club
              (9 damage)
             ... on level 3 of the Dungeon.
             The game lasted 00:01:21 (823 turns).

Lanoc the Chopper (Minotaur Gladiator)               Turns: 823, Time: 00:01:21

Health: -4/31      AC:  3    Str: 18    XL:     3   Next: 87%
Magic:  2/2        EV: 13    Int:  5    God:
Gold:   25         SH:  0    Dex: 12    Spells: 2/2 levels left

rFire    . . .     SeeInvis .   a - +0 war axe
rCold    . . .     Gourm    .   (no shield)
rNeg     . . .     Faith    .   b - +0 leather armour
rPois    .         Spirit   .   c - +0 hat
rElec    .         Reflect  .   (no cloak)
rCorr    .         Harm     .   (no gloves)
MR       .....                  (no boots)
Stlth    +.........             (no amulet)
HPRegen  0.10/turn              (no ring)
MPRegen  0.08/turn              (no ring)

@: no status effects
A: retaliatory headbutt, horns 2
a: no special abilities


You were on level 3 of the Dungeon.
You were not hungry.

You visited 1 branch of the dungeon, and saw 3 of its levels.

You collected 25 gold pieces.

Inventory:

Hand Weapons
 a - a +0 war axe (weapon)
Missiles
 d - 3 throwing nets (quivered)
Armour
 b - a +0 leather armour (worn)
 c - a +0 hat (worn)
Scrolls
 e - 2 scrolls of identify {unknown}
 g - a scroll of blinking {unknown}
Comestibles
 f - 2 rations


   Skills:
 + Level 3.1 Fighting
 * Level 4.7 Axes
 - Level 2.0 Throwing
 + Level 1.5 Armour
 + Level 3.7 Dodging


You had 2 spell levels left.
You didn't know any spells.
Your spell library was empty.

Dungeon Overview and Level Annotations

Branches:
Dungeon (3/15)

Altars:


Innate Abilities, Weirdness & Mutations

You reflexively headbutt those who attack you in melee.
You have a pair of horns on your head.


Message History

The gnoll is lightly wounded.
You barely miss the gnoll. You hit the gnoll. The gnoll closely misses you.
The gnoll hits you with a +0 club. The gnoll barely misses you.
The gnoll hits you but does no damage.
You hit the gnoll but do no damage.
The gnoll is lightly wounded.
You barely miss the gnoll. You hit the gnoll. The gnoll barely misses you.
You furiously retaliate!
You headbutt the gnoll, but do no damage.
The gnoll hits you with a +0 whip!
* * * LOW HITPOINT WARNING * * *
The gnoll hits you with a +0 club.
* * * LOW HITPOINT WARNING * * *
The gnoll hits you with a +0 club.
* * * LOW HITPOINT WARNING * * *
The gnoll closely misses you.
Found a ration.
A quokka comes into view.
The gnoll hits you with a +0 club!
You die...

### #.# ... #.# #r# .## #.
#.# .. #.####.## ...#$...@..#
...#..###g.# ... ....#%##g.#
#... . #.......# #########
... #.#.###g# #......)### ...
#..g....####.#####....
###.####.########......##.###
.........# #.#.##.......
.####..g## #.#.#####.##.


You could see 3 gnolls and a quokka.

Vanquished Creatures
  A gnoll (D:3)
  2 adders (D:3)
  A dart slug (D:1)
  A leopard gecko (D:3)
  An orc (D:3)
  6 hobgoblins
  5 jackals
  3 quokkas
  3 bats
  A goblin (D:3)
  2 kobolds (D:1)
  4 rats
30 creatures vanquished.

Notes
Turn   | Place    | Note
-------+----------+-------------------------------------------
     0 | D:1      | Lanoc the Minotaur Gladiator began the quest for the Orb.
     0 | D:1      | Reached XP level 1. HP: 18/18 MP: 0/0
    39 | D:1      | Reached XP level 2. HP: 10/25 MP: 1/1
   245 | D:2      | Reached skill level 4 in Axes
   381 | D:3      | Reached skill level 1 in Armour
   388 | D:3      | Reached XP level 3. HP: 26/30 MP: 2/2
   823 | D:3      | Slain by a gnoll

Levels and vault maps discovered:
D:1:      roderic_crop_circles_arrival_small, layout_basic, minmay_tromino_i2
D:2:      layout_basic, st_stairs_7, minmay_randomly_rotated_circles,
          uniq_sigmund
D:3:      layout_loops_cross, old_standard_altar,
          chequers_ecumenical_altar_twisty

Skill      XL: |  1  2  3 |
---------------+----------+-----
Axes           | 4 |  4.7
Armour         | 1 |  1.5
Fighting       | 3 |  3.1
Throwing       | |  2.0
Dodging        | |  3.7

Action                   || total
-------------------------++-------
Melee: War axe           ||    66
       Headbutt          ||     9
Armor: Leather armour    ||    20
Dodge: Dodged            ||    79

Table legend:
 A = Non-vault XP
 B = Vault XP
 C = Vault XP percentage of total XP
 D = Non-vault monster count
 E = Vault monster count
 F = Vault count percentage of total count
                 A         B        C        D         E       F
            +---------+---------+-------+---------+---------+-------
      Total |      83 |       7 |   7.8 |      27 |       3 |  10.0
            +---------+---------+-------+---------+---------+-------
        D:1 |       7 |       5 |  41.7 |       4 |       2 |  33.3
        D:2 |       7 |       2 |  22.2 |       4 |       1 |  20.0
        D:3 |      69 |       0 |   0.0 |      19 |       0 |   0.0
            +---------+---------+-------+---------+---------+-------
